 Dungeon Crawl Stone Soup version 0.23-a0-451-g1044d4c (webtiles) character file.

12700 Dmuffinman the Fencer (level 11, -8/94 (95) HPs)
             Began as a Minotaur Berserker on Nov 22, 2018.
             Was a High Priest of Trog.
             Mangled by Snorg (14 damage)
             ... on level 11 of the Dungeon on Nov 23, 2018.
             The game lasted 01:16:34 (10763 turns).

Dmuffinman the Fencer (Minotaur Berserker)         Turns: 10763, Time: 01:16:34

HP:   -8/94 (95)    AC: 18    Str: 23    XL:     11   Next: 65%
MP:   10/10         EV:  9    Int:  5    God:    Trog [*****.]
Gold: 200           SH:  3    Dex: 11    Spells: 10/10 levels left

rFire    + . .     SeeInvis .   w - +5 great sword
rCold    . . .     Gourm    .   (shield currently unavailable)
rNeg     + . .     Faith    .   h - +0 chain mail
rPois    +         Spirit   .   (helmet restricted)
rElec    .         Reflect  +   d - +2 cloak
rCorr    .         Harm     .   B - +0 pair of gloves of Compression {rC+}
MR       +....                  i - +0 pair of boots
Stlth    ..........             x - amulet of Avamiud {Reflect rPois rC- rN+ SH+3}
HPRegen  0.25/turn              m - ring of protection from fire
MPRegen  0.12/turn              s - ring of protection from magic

@: very slightly contaminated, invisible
A: retaliatory headbutt, horns 2
a: Berserk, Trog's Hand, Brothers in Arms, Renounce Religion


You were on level 11 of the Dungeon.
You worshipped Trog.
Trog was extremely pleased with you.
You were not hungry.

You visited 1 branch of the dungeon, and saw 12 of its levels.

You collected 639 gold pieces.
You spent 439 gold pieces at shops.

Inventory:

Hand Weapons
 w - a +5 great sword (weapon)
Armour
 d - a +2 cloak (worn)
 h - a +0 chain mail (worn)
 i - a +0 pair of boots (worn)
 B - the +0 pair of gloves of Compression (worn) {rC+}
   (You found it on level 6 of the Dungeon)

   It protects you from cold.
Jewellery
 f - an uncursed ring of protection from cold
 m - a ring of protection from fire (left hand)
 p - a cursed ring of attention
 s - a ring of protection from magic (right hand)
 x - the amulet of Avamiud (around neck) {Reflect rPois rC- rN+ SH+3}
   (You bought it in a shop on level 7 of the Dungeon)

   [amulet of reflection]

   It shields you and reflects attacks.
   It makes you vulnerable to cold.
   It protects you from poison.
   It protects you from negative energy.
   It affects your SH (+3).
 F - an uncursed ring of protection from fire
Wands
 q - a wand of iceblast (13)
 y - a wand of digging (9)
 A - a wand of clouds (4)
 G - a wand of random effects (27)
 H - a wand of acid (7)
Scrolls
 j - 9 scrolls of teleportation
 r - a scroll of enchant armour
 v - 3 scrolls of blinking
 D - 2 scrolls of identify
 J - a scroll of remove curse
 K - a scroll of magic mapping {unknown}
Potions
 a - 4 potions of curing
 b - 3 potions of heal wounds {unknown}
 g - 3 potions of brilliance
 k - 2 potions of agility
 l - 5 potions of might
 o - a potion of mutation {unknown}
 t - a potion of haste {unknown}
 u - 2 potions of magic
 z - 2 potions of flight
 C - a potion of ambrosia {unknown}
 E - a potion of lignification {unknown}
Comestibles
 c - 13 rations


   Skills:
 + Level 8.6 Fighting
 * Level 16.1 Long Blades
 * Level 12.0 Armour
 - Level 2.1 Dodging
 + Level 2.0 Stealth
   Level 2.9 Shields
 + Level 0.2 Evocations


You had 10 spell levels left.
You didn't know any spells.
Your spell library was empty.

Dungeon Overview and Level Annotations

Branches:
Dungeon (12/15)            Temple (0/1) D:4            Lair (0/6) D:11
    Orc: D:9-12

Altars:
Dithmenos
Elyvilon
Nemelex Xobeh
Qazlal
Sif Muna
Uskayaw
Vehumet

Shops:
D:4 %   D:5 =   D:7 }=?

Annotations:
D:11 Snorg


Innate Abilities, Weirdness & Mutations

You reflexively headbutt those who attack you in melee.
You have a pair of horns on your head.


Message History

You slash Snorg!
Snorg is lightly wounded.
Snorg bites you. Snorg claws you but does no damage. x2
You hit Snorg.
Snorg is lightly wounded.
Snorg bites you but does no damage. Snorg claws you!
Snorg claws you but does no damage.
You closely miss Snorg. Your headbutt misses Snorg.
Snorg is lightly wounded.
Snorg bites you!
* * * LOW HITPOINT WARNING * * *
Snorg barely misses you. Snorg closely misses you. Snorg bites you!
* * * LOW HITPOINT WARNING * * *
Snorg claws you but does no damage. Snorg closely misses you.
You fade into invisibility!
Snorg bites you but does no damage. Snorg claws you but does no damage.
Snorg barely misses you.
You are very lightly contaminated with residual magic.
Snorg bites you!
You die...

... #.. #(.
#.# ...
##### #.#
##...## #.#
##.###.##
#T# ##.##
##.#
#@#######.##
##.
#.........#
#.
#########.#
##. ##.#
##.#
#.###.##
#...## ##.##
##### #.#
#...# #.#


You could see Snorg (berserk).

Vanquished Creatures
  Erolcha (D:10)
  Harold (D:9)
  An unseen horror (D:10)
  2 ugly things (D:11)
  Joseph (D:10)
  Psyche (D:8)
  A komodo dragon (D:11)
  A hippogriff (D:10)
  Sigmund (D:3)
  A vampire (D:11)
  6 yaks (D:11)
  A wyvern (D:11)
  2 steam dragons
  A hungry ghost (D:8)
  An orc warrior (D:10)
  4 ice beasts
  An eye of draining (D:12)
  4 sky beasts
  3 necrophages
  A phantom (D:5)
  17 centaurs
  8 ogres
  4 big kobolds
  5 bullfrogs
  2 wyvern skeletons
  4 scorpions
  11 killer bees
  5 howler monkeys
  4 wights (D:6)
  8 crimson imps
  3 centaur zombies
  A lava snake (D:10)
  2 hounds
  2 quasits
  4 centaur skeletons
  A jelly (D:9)
  4 orc priests
  2 orc wizards
  4 iguanas
  2 worker ants
  A hound skeleton (D:6)
  2 worker ant zombies
  4 gnolls (D:3)
  8 adders
  A shadow imp (D:6)
  3 adder skeletons
  4 worms
  2 leopard geckos
  24 orcs
  2 ball pythons
  7 bats
  A giant cockroach (D:8)
  5 goblins
  4 hobgoblins
  8 jackals
  20 kobolds
  A quokka (D:8)
  2 frilled lizards (D:2)
  7 rats
  A plant (D:11)
235 creatures vanquished.

Vanquished Creatures (others)
  A plant (D:11)
1 creature vanquished.

Grand Total: 236 creatures vanquished

Notes
Turn   | Place    | Note
-------+----------+-------------------------------------------
     0 | D:1      | Dmuffinman the Minotaur Berserker began the quest for the
                  | Orb.
     0 | D:1      | Reached XP level 1. HP: 19/19 MP: 0/0
   241 | D:1      | Reached skill level 4 in Long Blades
   241 | D:1      | Reached XP level 2. HP: 27/27 MP: 1/1
   599 | D:1      | Reached ** piety under Trog
   769 | D:2      | Reached XP level 3. HP: 26/33 MP: 2/2
   915 | D:3      | Reached skill level 5 in Long Blades
   915 | D:3      | Reached XP level 4. HP: 40/40 MP: 3/3
  1258 | D:3      | Reached XP level 5. HP: 39/46 MP: 4/4
  1326 | D:3      | Found a faded altar of an unknown god.
  2277 | D:3      | Found a radiant altar of Vehumet.
  2319 | D:4      | Found a staircase to the Ecumenical Temple.
  2359 | D:4      | Reached skill level 6 in Long Blades
  2471 | D:3      | Noticed Sigmund
  2508 | D:3      | Killed Sigmund
  2508 | D:3      | Reached skill level 5 in Armour
  2508 | D:3      | Reached XP level 6. HP: 17/53 MP: 5/5
  2982 | D:5      | Entered Level 5 of the Dungeon
  2982 | D:5      | Found Etum's Jewellery Emporium.
  3024 | D:5      | Reached skill level 7 in Long Blades
  3102 | D:5      | Found a deep blue altar of Sif Muna.
  3104 | D:5      | Found a hide-covered altar of Uskayaw.
  3104 | D:5      | Found a white marble altar of Elyvilon.
  3104 | D:5      | Found a shadowy altar of Dithmenos.
  3104 | D:5      | Noticed a sky beast
  3115 | D:5      | Killed a sky beast
  3115 | D:5      | Reached skill level 1 in Shields
  3115 | D:5      | Reached XP level 7. HP: 51/60 MP: 6/6
  3119 | D:5      | Found a stormy altar of Qazlal.
  3199 | D:4      | Reached *** piety under Trog
  3204 | D:4      | Reached skill level 1 in Stealth
  3410 | D:4      | Found Qiatu's Food Shoppe.
  3628 | D:4      | Found a sparkling altar of Nemelex Xobeh.
  3799 | D:5      | Reached skill level 8 in Long Blades
  4124 | D:5      | Reached skill level 5 in Fighting
  4124 | D:5      | Reached XP level 8. HP: 42/68 MP: 4/7
  4204 | D:5      | Reached skill level 9 in Long Blades
  4671 | D:6      | Got a pair of slimy gloves
  4692 | D:6      | Reached skill level 10 in Long Blades
  4906 | D:5      | Identified the +0 pair of gloves of Compression {rC+} (You
                  | found it on level 6 of the Dungeon)
  5386 | D:6      | Reached XP level 9. HP: 75/75 MP: 8/8
  5517 | D:7      | Found Byczoock's Jewellery Boutique.
  5522 | D:7      | Reached **** piety under Trog
  5560 | D:7      | Bought the amulet of Avamiud {Reflect rPois rC- rN+ SH+3}
                  | for 289 gold pieces
  5776 | D:8      | Reached skill level 11 in Long Blades
  6229 | D:7      | Found Poero's Gadget Shoppe.
  6545 | D:7      | Found Nung's Magic Scroll Boutique.
  6548 | D:7      | Bought a scroll of identify for 30 gold pieces
  6548 | D:7      | Bought a scroll of identify for 30 gold pieces
  6548 | D:7      | Bought 2 scrolls of identify for 60 gold pieces
  6548 | D:7      | Bought a scroll of identify for 30 gold pieces
  6843 | D:8      | Reached skill level 12 in Long Blades
  6849 | D:8      | Found a shadowy altar of Dithmenos.
  7093 | D:8      | Noticed Psyche
  7101 | D:8      | Killed Psyche
  7220 | D:8      | Reached skill level 10 in Armour
  7267 | D:8      | Reached XP level 10. HP: 78/84 MP: 9/9
  7666 | D:10     | Entered Level 10 of the Dungeon
  7720 | D:10     | Reached skill level 13 in Long Blades
  8079 | D:9      | Noticed Harold
  8093 | D:9      | Killed Harold
  8236 | D:9      | Reached ***** piety under Trog
  8264 | D:9      | Reached skill level 14 in Long Blades
  8611 | D:10     | Killed an unseen horror
  8647 | D:10     | Noticed Joseph
  8662 | D:10     | Killed Joseph
  8981 | D:11     | Noticed a white ugly thing
  8986 | D:11     | Killed a white ugly thing
  8986 | D:11     | Reached XP level 11. HP: 42/91 MP: 10/10
  9232 | D:10     | Noticed Erolcha
  9258 | D:10     | Killed Erolcha
  9536 | D:11     | Reached skill level 15 in Long Blades
 10160 | D:11     | Found a staircase to the Lair.
 10434 | D:11     | Noticed a six-headed hydra
 10747 | D:11     | Noticed a brown ugly thing
 10750 | D:11     | Noticed Snorg
 10756 | D:11     | Killed a brown ugly thing
 10756 | D:11     | Reached skill level 16 in Long Blades
 10763 | D:11     | Mangled by Snorg

Vault maps used:
D:1:      psy_arrival_dodecagon
D:3:      overflow_temple_1_default, chequers_ecumenical_altar_grove,
          uniq_sigmund
D:4:      minmay_temple_entry_waves, first_ration, serial_shops, shop_fountains,
          nemelex_altar_shiori
D:5:      grunt_temple_overflow_open, serial_shops, nicolae_shop_trees,
          fountainhead
D:7:      serial_shops, kennysheep_mini, shop, nicolae_shop_waterfront
D:8:      basic_altar, uniq_psyche
D:9:      uniq_harold
D:10:     kennysheep_cluttered_room, uniq_joseph, uniq_erolcha
D:11:     david_lair_shrubbed, uniq_snorg
D:12:     lemuel_ice_spiral_2, david_orc_5, ebering_ghost_gozag, grunt_ogre_cave

Skill      XL: |  1  2  3  4  5  6  7  8  9 10 11 |
---------------+----------------------------------+-----
Long Blades    | 4 5 6 7 8 10 12 14 16 | 16.1
Fighting       | 4 5 6 7 8 |  8.6
Armour         | 3 5 6 8 10 11 12 | 12.0
Shields        | 1 2 |  2.9
Stealth        | 1 2 |  2.0
Dodging        | |  2.1
Evocations     | |  0.2

Action                   |  1- 3 |  4- 6 |  7- 9 | 10-12 || total
-------------------------+-------+-------+-------+-------++-------
Melee: Falchion          |    90 |    65 |       |       ||   155
       Headbutt          |    10 |    39 |    59 |    61 ||   169
       Long sword        |       |   108 |   178 |       ||   286
       Great sword       |       |       |    90 |   251 ||   341
Invok: Berserk           |     1 |       |     3 |     3 ||     7
       Trog's Hand       |       |     1 |       |     3 ||     4
Evoke: Wand              |       |       |     4 |       ||     4
  Use: Scroll            |     5 |     4 |    14 |     3 ||    26
       Potion            |       |       |     2 |     2 ||     4
 Stab: Sleeping          |     1 |       |       |       ||     1
       Invisible         |       |       |       |     5 ||     5
  Eat: Chunk             |       |     9 |    11 |     6 ||    26
       Ration            |       |       |     2 |     3 ||     5
Armor: Chain mail        |    60 |    82 |   117 |   141 ||   400
Dodge: Dodged            |    47 |    44 |   109 |    77 ||   277
Block: Buckler           |       |    13 |    36 |       ||    49
       Other             |       |       |    14 |    18 ||    32
       Reflection        |       |       |     4 |     2 ||     6
       Rpst.: Falchion   |    14 |     6 |       |       ||    20
       Long sword        |       |     5 |    16 |       ||    21
       Great sword       |       |       |    10 |    18 ||    28

Table legend:
 A = Non-vault XP
 B = Vault XP
 C = Vault XP percentage of total XP
 D = Non-vault monster count
 E = Vault monster count
 F = Vault count percentage of total count
                 A         B        C        D         E       F
            +---------+---------+-------+---------+---------+-------
      Total |   14647 |    3496 |  19.3 |     228 |       6 |   2.6
            +---------+---------+-------+---------+---------+-------
        D:1 |      24 |       0 |   0.0 |      16 |       0 |   0.0
        D:2 |      61 |       0 |   0.0 |      21 |       0 |   0.0
        D:3 |     204 |     227 |  52.7 |      24 |       1 |   4.0
        D:4 |     232 |       0 |   0.0 |      14 |       0 |   0.0
        D:5 |     770 |       0 |   0.0 |      13 |       0 |   0.0
        D:6 |    1194 |       0 |   0.0 |      20 |       0 |   0.0
        D:7 |     478 |       0 |   0.0 |      12 |       0 |   0.0
        D:8 |    1954 |     448 |  18.7 |      24 |       1 |   4.0
        D:9 |    1679 |     976 |  36.8 |      25 |       1 |   3.8
       D:10 |    2390 |    1495 |  38.5 |      16 |       2 |  11.1
       D:11 |    4266 |     350 |   7.6 |      33 |       1 |   2.9
       D:12 |    1395 |       0 |   0.0 |      10 |       0 |   0.0
            +---------+---------+-------+---------+---------+-------
